 Dungeon Sprint DCSS version 0.31-a0-18-gea43df2a32 (webtiles) character file.

Game seed: 10347847265432122435

1333 sircluck the Grappler (level 8, -2/92 HPs)
             Began as a Troll Berserker on May 10, 2023.
             Was a Priest of Trog.
             Slain by a boulder beetle (17 damage)
             ... in the Dungeon (Sprint II: "The Violet Keep of Menkaure").
             The game lasted 00:01:15 (322 turns).

sircluck the Grappler (Troll Berserker)              Turns: 322, Time: 00:01:16

Health: -2/92      AC:  4    Str: 28    XL:     8   Next: 34%
Magic:  7/7        EV: 12    Int:  3    God:    Trog [***...]
Gold:   972        SH:  0    Dex:  9    Spells: 7/7 levels left

rFire   . .          .
                       - Unarmed
rCold   . . .        (no shield)
rNeg    . . .        a - +0 animal skin
rPois   .            (helmet restricted)
rElec   .            (no cloak)
rCorr   .            (gloves unavailable)
SInv    .            (boots unavailable)
Will    .....        (no amulet)
Stlth   +            (no ring)
HPRegen 1.15/turn    (no ring)
MPRegen 0.10/turn

%: no teleportation
@: no status effects
A: large, unfitting armour, claws 3, regeneration 1, shaggy fur 1, tough skin 1
a: Renounce Religion, Berserk, Trog's Hand


You were in the Dungeon.
You worshipped Trog.
Trog was most pleased with you.
You visited 1 branch You collected 972 gold pieces.

Inventory:

Armour
 a - a +0 animal skin (worn)
Scrolls
 g - a scroll of blinking
Potions
 b - a potion of curing
 c - a potion of heal wounds
 d - a potion of haste
 e - 2 potions of magic
 f - a potion of berserk rage


   Skills:
 + Level 9.2 Fighting
 + Level 8.8 Dodging
 + Level 12.1 Unarmed Combat


You had 7 spell levels left.
You didn't know any spells.
Your spell library was empty.

Dungeon Overview and Level Annotations

Branches:
Dungeon (1/1)

Altars:
Nemelex Xobeh
Okawaru
Uskayaw
Vehumet
Yredelemnul
Zin
The Shining One


Innate Abilities, Weirdness & Mutations

You are too large for most types of armour.
You have claws for hands.
Your natural rate of healing is unusually fast.
You are covered in fur. (AC +1)
You have tough skin. (AC +1)


Message History

The boulder beetle stops rolling and uncurls.
You scratch the boulder beetle but do no damage.
You claw the boulder beetle, but do no damage.
The boulder beetle is moderately wounded.
The boulder beetle bites you!!
You barely miss the boulder beetle.
The boulder beetle is moderately wounded.
You mangle the boulder beetle!!
The boulder beetle is severely wounded.
The boulder beetle leaps!
Really walk into a travel-excluded area?
You enter the shallow water.
The boulder beetle leaps!
You are engulfed in a cloud of scalding steam.
Found a radiant altar of Vehumet and an iron altar of Okawaru.
You are engulfed in a cloud of scalding steam.
The boulder beetle leaps!
Found four altars.
You scratch the boulder beetle.
The boulder beetle is severely wounded.
You are engulfed in a cloud of scalding steam.
The boulder beetle bites you!!
You scratch the boulder beetle but do no damage.
You claw the boulder beetle, but do no damage.
The boulder beetle is severely wounded.
You are engulfed in a cloud of scalding steam.
The boulder beetle is engulfed in a cloud of scalding steam.
The boulder beetle bites you!
* * * LOW HITPOINT WARNING * * *
You scratch the boulder beetle but do no damage.
The boulder beetle is severely wounded.
You are engulfed in a cloud of scalding steam.
* * * LOW HITPOINT WARNING * * *
Unknown command.
You scratch the boulder beetle.
The boulder beetle is severely wounded.
You are engulfed in a cloud of scalding steam.
* * * LOW HITPOINT WARNING * * *
The boulder beetle bites you!
You die...

### #†# ###..##
##.###'###.##..#
#.#.##.##...#..#
+###'÷<.'###'..### ##
#.#.##÷##...#....###...
##.###'###.##......~~~~
####...####~~..§§.~#+#
#..#..#~~~~~§~§.~#._
##.#.##~~~~~@§§.~#..
##+##~~~§§§§B§§~#._
~~~~~§§§§§≈§§~#_.
+#+++#§≈§≈§§≈§~#._ .
##≈§§###≈§#_. ##≈≈#
≈≈#._ +≈§# ≈#_. #§≈ ≈##


You could see a boulder beetle.

Vanquished Creatures
  A boulder beetle (D)
  2 wyverns (D)
  4 necrophages (D)
  4 scorpions (D)
11 creatures vanquished.

Notes
Turn   | Place    | Note
-------+----------+-------------------------------------------
     0 | D        | sircluck the Troll Berserker began the quest for the Orb.
     0 | D        | Reached XP level 1. HP: 22/22 MP: 0/0
     1 | D        | Noticed a scorpion
     1 | D        | Noticed a scorpion
     5 | D        | Noticed a boulder beetle
     5 | D        | Noticed a boulder beetle
     9 | D        | Noticed a necrophage
     9 | D        | Noticed a necrophage
     9 | D        | Noticed a necrophage
     9 | D        | Noticed a necrophage
    14 | D        | Killed a necrophage
    15 | D        | Reached skill level 5 in Unarmed Combat
    15 | D        | Reached XP level 2. HP: 33/33 MP: 1/1
    15 | D        | Reached XP level 3. HP: 40/40 MP: 2/2
    17 | D        | Killed a necrophage
    18 | D        | Reached skill level 5 in Fighting
    18 | D        | Reached skill level 5 in Dodging
    18 | D        | Reached skill level 6 in Unarmed Combat
    18 | D        | Reached XP level 4. HP: 50/50 MP: 3/3
    20 | D        | Killed a necrophage
    20 | D        | Reached ** piety under Trog
    21 | D        | Reached skill level 7 in Unarmed Combat
    21 | D        | Reached XP level 5. HP: 59/59 MP: 4/4
    62 | D        | Noticed a wyvern
    62 | D        | Noticed a wyvern
    65 | D        | Killed a wyvern
    66 | D        | Reached skill level 9 in Unarmed Combat
    66 | D        | Reached XP level 6. HP: 71/71 MP: 5/5
    69 | D        | Killed a wyvern
    70 | D        | Reached XP level 7. HP: 78/78 MP: 6/6
   219 | D        | Reached *** piety under Trog
   222 | D        | Reached skill level 10 in Unarmed Combat
   247 | D        | Found a glowing silver altar of Zin.
   260 | D        | Killed a boulder beetle
   261 | D        | Reached skill level 12 in Unarmed Combat
   261 | D        | Reached XP level 8. HP: 92/92 MP: 7/7
   317 | D        | Found a radiant altar of Vehumet.
   317 | D        | Found an iron altar of Okawaru.
   318 | D        | Found a basalt altar of Yredelemnul.
   318 | D        | Found a glowing golden altar of the Shining One.
   318 | D        | Found a hide-covered altar of Uskayaw.
   318 | D        | Found a sparkling altar of Nemelex Xobeh.
   322 | D        | Slain by a boulder beetle

Illustrated notes

Levels and vault maps discovered:
D:        the_violet_keep_of_menkaure [sprint2_stairs_cluster_1,
          sprint2_shoproom, sprint2_temple, sprint2_basic_supplies,
          sprint2_obstacle_2, sprint2_obstacle_4, sprint2_obstacle_7,
          sprint2_obstacle_3, sprint2_obstacle_6, sprint2_timed_cluster_1,
          sprint2_smallroom_cluster_1, sprint2_smallroom_final_cluster_1,
          sprint2_transparent_cluster_1, sprint2_second_timed_cluster_1,
          sprint2_sniper_area_1, sprint2_heavy_combat_area_1,
          sprint2_mutation_trap_area_1, sprint2_forest_area_1,
          sprint2_light_combat_area_1, sprint2_behind_water_1,
          sprint2_near_end_vault_1]

Skill      XL: |  1  2  3  4  5  6  7 |
---------------+----------------------+-----
Fighting       | 4 5 7 9 |  9.2
Dodging        | 4 5 6 7 8 |  8.8
Unarmed Combat | 5 6 7 9 12 | 12.1

Action                     |  1- 3 |  4- 6 |  7- 9 || total
---------------------------+-------+-------+-------++-------
  Melee: Unarmed           |     5 |    11 |    28 ||    44
         Punch             |       |       |     4 ||     4
 Invoke: Berserk           |     1 |     1 |     1 ||     3
 Armour: Animal skin       |     1 |     3 |       ||     4
  Dodge: Dodged            |     1 |     3 |     5 ||     9

Table legend: (Time is in decaauts)
 A = Elapsed time spent in this place.
 B = Non-inter-level travel time spent in this place.
 C = Inter-level travel time spent in this place.
 D = Time resting spent in this place.
 E = Time spent auto-exploring this place.
 F = Levels seen in this place.
 G = Mean time per level.
                   A        B        C        D        E       F      G
               +--------+--------+--------+--------+--------+-----+--------+
         Total |    338 |    324 |     14 |    197 |     23 |   1 |  338.0 |
       Dungeon |    338 |    324 |     14 |    197 |     23 |   1 |  338.0 |
               +--------+--------+--------+--------+--------+-----+--------+

Top non-repeatable levels by time:
       D: 338 daAuts
